 Dungeon Sprint DCSS version 0.31-a0-544-gceb718ecc6 (webtiles) character file.

Game seed: 5696200390063138073

9819 rocky1 the Brawler (level 11, 0/89 HPs)
             Began as a Demonspawn Shapeshifter on Aug 16, 2023.
             Was an Initiate of Gozag.
             Slain by an orc knight
             ... wielding a +3 dire flail of holy wrath
              (41 damage)
             ... in the Dungeon (Sprint IX: "|||||||||||||||||||||||||||||").
             The game lasted 00:06:19 (1942 turns).

rocky1 the Brawler (Demonspawn Shapeshifter)        Turns: 1942, Time: 00:06:21

Health: 0/89       AC: 15    Str: 19    XL:     11   Next: 28%
Magic:  11/11      EV: 11    Int: 11    God:    Gozag
Gold:   1881       SH:  0    Dex: 15    Spells: 10/10 levels left

rFire   . .          .
                       - Unarmed
rCold   + . .        (no shield)
rNeg    . . .        v - +0 plate armour "Wiusuokk" {Drain rC+ SInv}
rPois   .            (helmet currently unavailable)
rElec   .            (cloak currently unavailable)
rCorr   .            (gloves currently unavailable)
SInv    +            (boots currently unavailable)
Will    .....        (no amulet) Stlth
                     o - +2 ring of evasion
HPRegen 0.34/turn    p - +2 ring of protection
MPRegen 0.12/turn

%: no teleportation
@: mighty, beast-form, hasted, very quick
A: beast (slay +4), horns 1, thin skeletal structure 1, demonic guardian 3, foul
stench 3
a: Begin Untransformation, Renounce Religion, Potion Petition, Call Merchant,
Bribe Branch


You were in the Dungeon.
You worshipped Gozag.
Gozag was most pleased with you.
You were a hulking beast.
You visited 1 branch You collected 4961 gold pieces.
You spent 1682 gold pieces at shops.
You paid 1398 gold pieces to Gozag.

Inventory:

Hand Weapons
 f - a +3 scimitar of flaming
Missiles
 a - 9 poisoned darts (quivered)
Armour
 m - a +0 cloak
 n - a +1 chain mail
 v - the +0 plate armour "Wiusuokk" (worn) {Drain rC+ SInv}
   (You bought it in a shop in the Dungeon)

   rC+:       It protects you from cold.
   SInv:      It lets you see invisible.
   Drain:     It drains your maximum health when unequipped.
 w - a +0 pair of gloves
 x - a +0 pair of boots
 y - a +0 helmet
Jewellery
 o - a +2 ring of evasion (left hand)
 p - a +2 ring of protection (right hand)
Talismans
 c - a beast talisman (active)
 d - a flux talisman
Wands
 l - a wand of iceblast (1)
Scrolls
 j - a scroll of blinking
 k - 2 scrolls of amnesia
 r - 4 scrolls of enchant armour
 s - a scroll of fog
 t - a scroll of identify
 u - 3 scrolls of enchant weapon
 B - a scroll of torment {unknown}
Potions
 b - 3 potions of heal wounds
 e - 5 potions of curing
 h - 4 potions of magic
 q - 2 potions of mutation
 z - a potion of attraction {unknown}
 A - 2 potions of lignification


   Skills:
 * Level 9.5 Fighting
 + Level 8.1 Armour
 + Level 8.5 Dodging
 - Level 4.8 Stealth
 + Level 16.7 Unarmed Combat
 - Level 2.8 Evocations
 * Level 11.2 Shapeshifting


You had 10 spell levels left.
You didn't know any spells.
Your spell library was empty.

Dungeon Overview and Level Annotations

Branches:
Dungeon (1/1)

Altars:
Cheibriados
Dithmenos
Fedhas
Gozag
Hepliaklqana
Kikubaaqudgha
Makhleb
Nemelex Xobeh
Okawaru
Qazlal
Ru
Sif Muna
Trog
Uskayaw
Vehumet
Wu Jian
Xom
Yredelemnul
Jiyva
Lugonu

Shops:
D *[


Innate Abilities, Weirdness & Mutations

You are a hulking beast.
Your limbs bulge with bestial killing power. (Slay +4)
You have a pair of small horns on your head.
You have a somewhat thin skeletal structure. (Dex +2, Stealth+)
A powerful demonic guardian rushes to your aid.
You frequently emit foul miasma when damaged in melee.


Message History

[c] 705 gold - Cepigydd's Antique Weapon Emporium Fund which merchant?
You no longer have enough gold to bribe branches to halt enemies' attacks and recruit allies.
Dethro invites you to visit his Assorted Antiques.
z - a puce potion;
A - a potion of lignification
B - a scroll labelled BAD COM RIMP
A - 2 potions of lignification (gained 1)
u - 3 scrolls of enchant weapon (gained 1)
q - 2 potions of mutation (gained 1) Thank you for shopping at Dethro's Assorted Antiques!
You open the door. 2 orc knights, 3 orc warriors and an orc come into view.
An orc knight is wielding a +3 dire flail of holy wrath.
The orc knight shouts!
The orc warrior shouts!
The orc knight shouts!
The orc shouts!
The orc knight unwields a +3 dire flail of holy wrath.
It stops glowing.
The orc knight wields a +0 arbalest.
The orc knight shoots a bolt.
The bolt hits you!
Found 300 gold pieces.
Unknown command.
Okay, then.
You feel yourself speed up.
The orc knight shoots a bolt.
The bolt hits you but does no damage.
An orc warrior comes into view. It is wielding a +0 trident.
You feel very mighty all of a sudden.
The orc warrior shouts!
You hear a shout!
The orc knight shoots a bolt.
The bolt hits you.
Unknown command.
The orc knight roars a battlecry!
The orcs go into a battle-frenzy!
There is an open door here.
You pummel the orc knight!! Your headbutt misses the orc knight.
The orc knight is moderately wounded.
The orc knight unwields a +0 arbalest.
The orc knight wields a +3 dire flail of holy wrath.
It softly glows with a divine radiance!
The orc knight hits you with a +3 dire flail of holy wrath!!
A demonic guardian appears!
You convulse!!!
You die...
Your body crumbles into a pile of gold.

▓▓▓▓▓▓▓▓▓▓▓▓▓▓▓▓▓▓▓▓▓▓▓▓
..'))))))[[[[.3.hooooooo
▓▓▓▓▓▓▓▓▓▓▓▓▓▓▓▓▓▓▓▓▓▓▓▓▓▓▓▓▓▓▓▓▓
.................................
▓▓▓▓▓▓▓▓▓▓▓▓▓▓▓▓▓▓▓▓▓▓▓▓▓▓▓▓▓▓▓▓▓
..(}......'.........'.....∩...'..
▓▓▓▓▓▓▓▓▓▓▓▓▓▓▓▓▓▓▓▓▓▓▓▓▓▓▓▓▓▓▓▓▓
.................................
▓▓▓▓▓▓▓▓▓▓▓▓▓▓▓▓▓▓▓▓▓▓▓▓▓▓▓▓▓▓▓▓▓
)....'________________________'..


You could see 2 orc knights, 4 orc warriors, an orc (strong) and a friendly
sixfirhy (summoned).

Vanquished Creatures
  3 death yaks (D)
  A two-headed ogre (D)
  A skeletal warrior (D)
  2 skysharks (D)
  A manticore (D)
  A black mamba (D)
  A cane toad (D)
  2 efreet (D)
  A tengu conjurer (D)
  A troll (D)
  A shadow (D)
  A wyvern (D)
  6 yaks (D)
  A basilisk (D)
  3 orc warriors (D)
  A black bear (D)
  4 bullfrogs (D)
  An orc priest (D)
  An iguana (D)
  3 orc wizards (D)
  A white imp (D)
  A dart slug (D)
  7 orcs (D)
  An endoplasm (D)
  2 quokkas (D)
  A frilled lizard (D)
  A goblin (D)
50 creatures vanquished.

Vanquished Creatures (collateral kills)
  A death yak (D)
  A black mamba (D)
  2 cane toads (D)
  A yak (D)
  2 water moccasins (D)
  2 kobold brigands (D)
  A bullfrog (D)
  A gnoll sergeant (D)
11 creatures vanquished.

Grand Total: 61 creatures vanquished

Notes
Turn   | Place    | Note
-------+----------+-------------------------------------------
     0 | D        | rocky1 the Demonspawn Shapeshifter began the quest for the
                  | Orb.
     0 | D        | Reached XP level 1. HP: 15/15 MP: 1/1
     8 | D        | Reached skill level 3 in Unarmed Combat
   154 | D        | Noticed a black bear
   154 | D        | Noticed an iguana
   159 | D        | Killed a black bear
   160 | D        | Reached skill level 5 in Unarmed Combat
   160 | D        | Reached skill level 5 in Shapeshifting
   160 | D        | Gained mutation: You may rarely emit foul miasma when
                  | damaged in melee. [demonic ancestry]
   160 | D        | Reached XP level 2. HP: 21/21 MP: 2/2
   160 | D        | Gained mutation: A weak demonic guardian rushes to your
                  | aid. [demonic ancestry]
   160 | D        | Reached XP level 3. HP: 26/26 MP: 3/3
   160 | D        | Reached XP level 4. HP: 32/32 MP: 4/4
   418 | D        | Found a snail-covered altar of Cheibriados.
   418 | D        | Found a shadowy altar of Dithmenos.
   418 | D        | Found a blossoming altar of Fedhas.
   418 | D        | Found an opulent altar of Gozag.
   419 | D        | Found a hazy altar of Hepliaklqana.
   420 | D        | Found a viscous altar of Jiyva.
   421 | D        | Found an ancient bone altar of Kikubaaqudgha.
   422 | D        | Found a corrupted altar of Lugonu.
   423 | D        | Found a burning altar of Makhleb.
   424 | D        | Found a sparkling altar of Nemelex Xobeh.
   425 | D        | Found an iron altar of Okawaru.
   426 | D        | Became a worshipper of Gozag Ym Sagoz the Greedy
   427 | D        | Found a stormy altar of Qazlal.
   428 | D        | Found a sacrificial altar of Ru.
   429 | D        | Found a shimmering blue altar of Sif Muna.
   430 | D        | Found a bloodstained altar of Trog.
   431 | D        | Found a hide-covered altar of Uskayaw.
   432 | D        | Found a radiant altar of Vehumet.
   433 | D        | Found an ornate altar of the Wu Jian Council.
   434 | D        | Found a shimmering altar of Xom.
   435 | D        | Found a basalt altar of Yredelemnul.
   579 | D        | Noticed a troll
   579 | D        | Noticed a two-headed ogre
   579 | D        | Noticed a kobold brigand
   579 | D        | Noticed a kobold brigand
   579 | D        | Noticed a yak
   579 | D        | Noticed a gnoll sergeant
   587 | D        | Killed a troll
   588 | D        | Reached skill level 7 in Unarmed Combat
   588 | D        | Gained mutation: A demonic guardian rushes to your aid.
                  | [demonic ancestry]
   588 | D        | Reached XP level 5. HP: 39/39 MP: 5/5
   588 | D        | Gained mutation: You have a somewhat thin skeletal
                  | structure. (Dex +2, Stealth+) [demonic ancestry]
   588 | D        | Reached XP level 6. HP: 46/46 MP: 6/6
   595 | D        | Killed a two-headed ogre
   596 | D        | Reached skill level 1 in Armour
   596 | D        | Reached skill level 10 in Unarmed Combat
   596 | D        | Reached XP level 7. HP: 14/52 MP: 7/7
   604 | D        | Killed a yak
   605 | D        | Gained mutation: You have a pair of small horns on your
                  | head. [demonic ancestry]
   605 | D        | Reached XP level 8. HP: 33/58 MP: 8/8
   684 | D        | Noticed an efreet
   684 | D        | Noticed a manticore
   684 | D        | Noticed a tengu conjurer
   684 | D        | Noticed a skeletal warrior
   684 | D        | Noticed an efreet
   695 | D        | Killed a manticore
   696 | D        | Reached skill level 11 in Unarmed Combat
   701 | D        | Killed an efreet
   702 | D        | Reached skill level 1 in Evocations
   703 | D        | Killed a tengu conjurer
   704 | D        | Reached skill level 12 in Unarmed Combat
   704 | D        | Gained mutation: You sometimes emit foul miasma when
                  | damaged in melee. [demonic ancestry]
   704 | D        | Reached XP level 9. HP: 27/65 MP: 9/9
   722 | D        | Killed a skeletal warrior
   723 | D        | Reached skill level 10 in Shapeshifting
   725 | D        | Killed an efreet
   726 | D        | Reached skill level 13 in Unarmed Combat
  1208 | D        | Noticed a black mamba
  1213 | D        | Reached skill level 5 in Fighting
  1214 | D        | Noticed a skyshark
  1223 | D        | Killed a black mamba
  1233 | D        | Killed a skyshark
  1234 | D        | Reached skill level 14 in Unarmed Combat
  1234 | D        | Gained mutation: A powerful demonic guardian rushes to your
                  | aid. [demonic ancestry]
  1234 | D        | Reached XP level 10. HP: 42/77 MP: 10/10
  1237 | D        | Reached skill level 5 in Armour
  1473 | D        | Noticed a cane toad
  1473 | D        | Noticed a black mamba
  1473 | D        | Noticed a skyshark
  1475 | D        | Noticed a cane toad
  1480 | D        | Killed a cane toad
  1488 | D        | Killed a black mamba
  1488 | D        | Killed a cane toad
  1489 | D        | Reached skill level 15 in Unarmed Combat
  1490 | D        | Killed a skyshark
  1495 | D        | Noticed a cane toad
  1504 | D        | Killed a cane toad
  1649 | D        | Bought a faintly humming plate armour for 980 gold pieces
  1649 | D        | Identified the +0 plate armour "Wiusuokk" {Drain rC+ SInv}
                  | (You bought it in a shop in the Dungeon)
  1662 | D        | Noticed a death yak
  1662 | D        | Noticed a death yak
  1666 | D        | Noticed a death yak
  1670 | D        | Noticed a death yak
  1672 | D        | Killed a death yak
  1679 | D        | Killed a death yak
  1680 | D        | Reached skill level 16 in Unarmed Combat
  1680 | D        | Gained mutation: You frequently emit foul miasma when
                  | damaged in melee. [demonic ancestry]
  1680 | D        | Reached XP level 11. HP: 66/87 MP: 11/11
  1683 | D        | Killed a death yak
  1690 | D        | Killed a death yak
  1937 | D        | Bought a puce potion for 27 gold pieces
  1937 | D        | Bought a potion of lignification for 90 gold pieces
  1937 | D        | Bought a scroll labelled BAD COM RIMP for 30 gold pieces
  1937 | D        | Bought a potion of lignification for 90 gold pieces
  1937 | D        | Bought a scroll of enchant weapon for 225 gold pieces
  1937 | D        | Bought a potion of mutation for 240 gold pieces
  1938 | D        | Noticed an orc knight
  1938 | D        | Noticed an orc knight
  1942 | D        | Slain by an orc knight

Illustrated notes

Levels and vault maps discovered:
D:        linesprint [early_d, line_temple, items_1, d_10, items_2, lair_1,
          lair_end, items_3, orc_1, orc_end, items_4, d_15, swamp_1, shoals_1,
          snake_1, spider_1, d_20, vaults_1, items_5, swamp_end, shoals_end,
          snake_end, spider_end, vaults_end, d_27, items_6, zot_1, zot_end,
          crypt_end, forest_end, elf_end, slime_end, tomb_end, abyss_end,
          pan_hell_end]

Skill      XL: |  1  2  3  4  5  6  7  8  9 10 11 |
---------------+----------------------------------+-----
Shapeshifting  | 5 7 8 9 10 11 | 11.2
Unarmed Combat | 5 7 10 12 14 16 | 16.7
Dodging        | 3 4 6 7 8 |  8.5
Fighting       | 2 3 4 6 8 9 |  9.5
Stealth        | 2 4 |  4.8
Armour         | 1 2 4 7 8 |  8.1
Evocations     | 1 2 |  2.8

Action                     |  1- 3 |  4- 6 |  7- 9 | 10-12 || total
---------------------------+-------+-------+-------+-------++-------
  Melee: Unarmed           |    15 |    21 |    42 |    73 ||   151
         Punch             |     1 |     1 |     4 |     8 ||    14
         Headbutt          |       |       |    12 |    20 ||    32
 Invoke: Potion Petition   |       |       |     1 |       ||     1
         Call Merchant     |       |       |       |     2 ||     2
  Evoke: Wand              |       |       |     9 |       ||     9
    Use: Potion            |     1 |     2 |     4 |     3 ||    10
         Scroll            |       |       |     1 |       ||     1
   Stab: Invisible         |       |     3 |       |       ||     3
         Distracted        |       |       |     1 |     1 ||     2
 Armour: Skin              |     8 |     4 |       |       ||    12
         Chain mail        |       |     4 |     5 |     6 ||    15
         Plate armour      |       |       |       |    11 ||    11
  Dodge: Dodged            |     6 |     9 |    12 |    17 ||    44

Table legend: (Time is in decaauts)
 A = Elapsed time spent in this place.
 B = Non-inter-level travel time spent in this place.
 C = Inter-level travel time spent in this place.
 D = Time resting spent in this place.
 E = Time spent auto-exploring this place.
 F = Levels seen in this place.
 G = Mean time per level.
                   A        B        C        D        E       F      G
               +--------+--------+--------+--------+--------+-----+--------+
         Total |   1898 |   1819 |     79 |   1073 |      0 |   1 | 1898.0 |
       Dungeon |   1898 |   1819 |     79 |   1073 |      0 |   1 | 1898.0 |
               +--------+--------+--------+--------+--------+-----+--------+

Top non-repeatable levels by time:
       D: 1898 daAuts
